 Dungeon Crawl Stone Soup version 0.30-a0-459-g9104f0fc43 (webtiles) character file.

Game seed: 16143577461671012986

907 Ijustatesigmund the Trooper (level 8, -7/51 HPs)
             Began as a Gargoyle Artificer on Dec 15, 2022.
             Mangled by a black bear (10 damage)
             ... on level 5 of the Dungeon.
             The game lasted 00:23:58 (6532 turns).

Ijustatesigmund the Trooper (Gargoyle Artificer)    Turns: 6532, Time: 00:23:58

Health: -7/51      AC: 15    Str: 16    XL:     8   Next: 8%
Magic:  17/17      EV: 10    Int: 14    God:
Gold:   224        SH:  0    Dex: 10    Spells: 7/7 levels left

rFire   + . .      SeeInvis +    a - +0 hammer
rCold   . . .      Faith    .    (no shield)
rNeg    + . .      Spirit   .    b - +1 ring mail
rPois   ∞          Reflect  .    j - +0 helmet of Dyspraxia {rPois MP+9 SInv Stlth+}
rElec   +          Harm     .    (no cloak)
rCorr   .          Rampage  .    (no gloves)
Will    +....                    o - +0 pair of boots
Stlth   ++........               (no amulet)
HPRegen 0.28/turn                i - ring of protection from fire
MPRegen 0.15/turn                h - ring of willpower

@: no status effects
A: sickness immunity, AC +5, negative energy resistance 1, electricity
resistance, torment resistance 1, petrification resistance
a: no special abilities


You were on level 5 of the Dungeon.
You visited 1 branch of the dungeon, and saw 6 of its levels.

You collected 224 gold pieces.

Inventory:

Hand Weapons
 a - a +0 hammer (weapon)
Armour
 b - a +1 ring mail (worn)
 j - the +0 helmet of Dyspraxia (worn) {rPois MP+9 SInv Stlth+}
   (You took it off Robin on level 3 of the Dungeon)

   rPois:     It protects you from poison.
   MP:        It affects your magic capacity (+9).
   SInv:      It lets you see invisible.
   Stlth:     It makes you more stealthy.
 o - a +0 pair of boots (worn)
Jewellery
 f - a ring of magical power
 h - a ring of willpower (right hand)
 i - a ring of protection from fire (left hand)
 q - a +6 ring of intelligence
 r - a ring of positive energy
Wands
 n - a wand of flame (7)
 t - a wand of digging (3)
Scrolls
 k - 2 scrolls of magic mapping
 s - 2 scrolls of identify
Potions
 e - 3 potions of flight
 l - a potion of magic


   Skills:
 + Level 6.1 Fighting
 + Level 5.4 Maces & Flails
 - Level 4.9 Armour
 - Level 0.7 Dodging
 - Level 1.1 Stealth
 - Level 2.6 Evocations


You had 7 spell levels left.
You didn't know any spells.
Your spell library contained the following spells:

 Spells                   Type           Power      Damage    Failure   Level
 Alistair's Intoxication  Tmut/Pois      0%         N/A       100%        5
 Borgnjor's Vile Clutch   Necr/Erth      0%         N/A       100%        5
 Eringya's Noxious Bog    Tmut/Pois      0%         N/A       100%        6


Dungeon Overview and Level Annotations

Branches:
Dungeon (6/15)
 Temple: D:4-7

Altars:
Cheibriados
Sif Muna
Trog
Wu Jian
Zin

Annotations:
D:5 Natasha


Innate Abilities, Weirdness & Mutations

You are immune to sickness and miasma.
Your stone body is resilient. (AC +5)
You are immune to poison.
You resist negative energy. (rN+)
You are resistant to electric shocks. (rElec)
You are resistant to unholy torment.
You are immune to petrification.


Message History

You hit the black bear but do no damage.
The black bear is almost dead.
The black bear bites you.
The black bear claws you but does no damage. x2
The black bear bites you but does no damage.
The black bear claws you but does no damage.
The black bear claws you.
You hit the black bear but do no damage.
The black bear is almost dead.
The black bear barely misses you.
The black bear claws you but does no damage. x2
The crimson imp blinks!
The black bear bites you. The black bear barely misses you.
The black bear closely misses you.
Really read the scroll of torment?
As you read the scroll of torment, it crumbles to dust.
Your body is wracked with pain!
The black bear convulses!
The jelly convulses!
Natasha convulses!
The black bear bites you.
The black bear claws you but does no damage. x2
Natasha mumbles some strange words.
You hit the black bear.
The black bear is almost dead.
The black bear barely misses you. The black bear claws you.
The black bear claws you but does no damage.
The black bear closely misses you. x2; The black bear barely misses you.
You closely miss the black bear.
The black bear is almost dead.
The black bear bites you!
* * * LOW HITPOINT WARNING * * *
The black bear closely misses you.
The black bear claws you but does no damage.
The black bear bites you.
* * * LOW HITPOINT WARNING * * *
The black bear claws you but does no damage.
The black bear barely misses you.
Okay, then.
Okay, then.
You closely miss the black bear.
The black bear is almost dead.
The black bear bites you!
You die...

.................#...............
......########.#...#......##.###.
......#........#.#.##.....##.....
......#.########.#.##....###.....
......# #.#........##..###
.#..#.# #.#...........## ###.#.#
#...#........## # ..#.#
#.###........# # ....#
#@##.##......# ......
#h##.......... ## ....
......hJ##...........
........##...###.....#
........5.... .....## ....##..#
.... #..# ... #..# .. ##..


You could see a black bear (berserk), a jelly, Natasha and a crimson imp
(summoned).

Vanquished Creatures
  Grinder (D:3)
  Sigmund (D:2)
  Crazy Yiuf (D:2)
  2 gnoll boudas (D:4)
  3 jellies
  An orc priest (D:5)
  An iguana (D:4)
  Ijyb (D:4)
  An orc wizard (D:4)
  Robin (D:3)
  4 adders
  8 gnolls
  A shadow imp (D:4)
  2 dart slugs
  3 orcs (D:4)
  3 bats
  3 endoplasms
  2 giant cockroaches
  12 goblins
  3 hobgoblins
  4 jackals (D:4)
  11 kobolds
  2 quokkas (D:1)
  A ball python (D:1)
  2 frilled lizards
  6 rats
80 creatures vanquished.

Vanquished Creatures (collateral kills)
  Natasha (D:5)
  5 gnolls
  An adder (D:6)
  A hobgoblin (D:4)
8 creatures vanquished.

Vanquished Creatures (others)
  An orc priest (D:5)
  5 gnolls
  A worm (D:2)
  11 plants (D:5)
18 creatures vanquished.

Grand Total: 106 creatures vanquished

Notes
Turn   | Place    | Note
-------+----------+-------------------------------------------
     0 | D:1      | Ijustatesigmund the Gargoyle Artificer began the quest for
                  | the Orb.
     0 | D:1      | Reached XP level 1. HP: 12/12 MP: 1/1
   179 | D:1      | Found a faded altar of an unknown god.
   241 | D:1      | Reached XP level 2. HP: 16/16 MP: 2/2
   277 | D:1      | You fall into a shaft and drop 1 floor!
   578 | D:1      | Reached skill level 1 in Maces & Flails
   915 | D:2      | Reached skill level 2 in Fighting
  1206 | D:2      | Reached XP level 3. HP: 19/21 MP: 3/3
  1249 | D:2      | Noticed Sigmund
  1262 | D:2      | Killed Sigmund
  1263 | D:2      | Reached skill level 3 in Fighting
  1263 | D:2      | Reached XP level 4. HP: 6/28 MP: 4/4
  1263 | D:2      | Reached XP level 5. HP: 7/32 MP: 5/5
  1622 | D:2      | Found an ornate altar of the Wu Jian Council.
  1704 | D:2      | Found a runed translucent door.
  1705 | D:2      | Noticed Crazy Yiuf
  2205 | D:3      | Noticed Grinder
  2216 | D:3      | Killed Grinder
  2217 | D:3      | Reached skill level 4 in Fighting
  2217 | D:3      | Reached XP level 6. HP: 38/38 MP: 6/6
  2232 | D:3      | Identified the +0 helmet of Dyspraxia {rPois MP+9 SInv
                  | Stlth+}
  2232 | D:3      | Noticed Robin
  2440 | D:3      | Killed Robin
  2777 | D:3      | Found a snail-covered altar of Cheibriados.
  2777 | D:3      | Found a glowing silver altar of Zin.
  2785 | D:3      | Found a faded altar of an unknown god.
  2787 | D:3      | Found a faded altar of an unknown god.
  2789 | D:3      | Found a bloodstained altar of Trog.
  3001 | D:3      | Reached XP level 7. HP: 29/44 MP: 7/7
  3514 | D:4      | Noticed Natasha
  3995 | D:4      | Found a shimmering blue altar of Sif Muna.
  4114 | D:4      | Noticed Ijyb
  4146 | D:4      | Killed Ijyb
  4147 | D:4      | Reached skill level 5 in Fighting
  4318 | D:5      | Entered Level 5 of the Dungeon
  4331 | D:5      | Killed Natasha
  4902 | D:5      | Noticed Natasha
  5706 | D:6      | Noticed a shadow
  5753 | D:5      | HP: 1/44 [orc priest/nerve-wracking pain (6)]
  5758 | D:5      | HP: 1/44 [howler monkey (1)]
  5762 | D:5      | Reached skill level 5 in Maces & Flails
  6046 | D:2      | Killed Crazy Yiuf
  6293 | D:4      | Reached XP level 8. HP: 48/51 MP: 8/8
  6316 | D:4      | Reached skill level 6 in Fighting
  6531 | D:5      | HP: 2/51 [black bear (3)]
  6532 | D:5      | Mangled by a black bear

Illustrated notes

Levels and vault maps discovered:
D:1:      dpeg_arrival_boxes_within_box, layout_loops_ring,
          basic_ecumenical_altar, minmay_pentomino_q2
D:2:      layout_loops_corners, serial_rivers, chequers_serial_rivers_small_b,
          chequers_serial_rivers_small_a, chequers_serial_rivers_micro_c,
          chequers_serial_rivers_marsh, chequers_serial_rivers_room_b,
          basic_altar, uniq_crazy_yiuf_cottage, uniq_sigmund
D:3:      layout_loops_ring, chequers_temple_overflow_minitemple, uniq_robin,
          uniq_grinder
D:4:      layout_gridville, nicolae_sif_muna_condensation, uniq_ijyb,
          uniq_natasha
D:5:      layout_cave_pools, makhleb_blood_cavern_becter,
          nicolae_ru_the_path_less_chosen, nicolae_overflow_crystal_walls,
          minivault_27, nrook_loot_triangle, kennysheep_boxes
D:6:      layout_basic, kennysheep_mini, grunt_potential

Skill      XL: |  1  2  3  4  5  6  7  8 |
---------------+-------------------------+-----
Maces & Flails | 1 2 3 5 |  5.4
Fighting       | 2 3 4 5 6 |  6.1
Armour         | 4 |  4.9
Dodging        | |  0.7
Stealth        | |  1.1
Evocations     | |  2.6

Action                   |  1- 3 |  4- 6 |  7- 9 || total
-------------------------+-------+-------+-------++-------
Melee: Club              |   109 |   105 |   274 ||   488
       Punch             |       |     2 |     2 ||     4
       Mace              |       |       |    53 ||    53
Evoke: Wand              |     7 |    11 |    51 ||    69
  Use: Potion            |     1 |     1 |     2 ||     4
       Scroll            |       |    10 |     6 ||    16
 Stab: Paralysed         |       |       |    17 ||    17
       Sleeping          |       |       |     3 ||     3
       Distracted        |       |       |     1 ||     1
Armor: Leather armour    |    55 |       |       ||    55
       Ring mail         |       |    58 |   267 ||   325
       Skin              |       |    10 |       ||    10
Dodge: Dodged            |    78 |    56 |   222 ||   356

Table legend: (Time is in decaauts)
 A = Elapsed time spent in this place.
 B = Non-inter-level travel time spent in this place.
 C = Inter-level travel time spent in this place.
 D = Time resting spent in this place.
 E = Time spent auto-exploring this place.
 F = Levels seen in this place.
 G = Mean time per level.
                   A        B        C        D        E       F      G
               +--------+--------+--------+--------+--------+-----+--------+
         Total |   6625 |   6137 |    488 |   1870 |   2763 |   6 | 1104.2 |
       Dungeon |   6625 |   6137 |    488 |   1870 |   2763 |   6 | 1104.2 |
               +--------+--------+--------+--------+--------+-----+--------+

Top non-repeatable levels by time:
     D:4: 2129 daAuts
     D:2: 1821 daAuts
     D:3: 1072 daAuts
     D:1: 826 daAuts
     D:5: 610 daAuts
     D:6: 165 daAuts
